[ AOE2 MATCH · #479210412 ]
1v1 EWTeutons vs Spanish
Player's team · LOSS
Rival team · WIN
[ REPLAY ANALYSIS · EXTRACTED FROM THE RECORDED GAME ]
Feudal
—
Castle
9:02
Imperial
19:39
| APM avg | 21.3 |
| APM peak | 65 |
| eAPM avg | 18.4 |
| Villagers / military | 95 / 481 |
Focus
⚔️ 66.0% · 🌾 34.0%
Skirmisher ×252 · Teutonic Knight ×106 · Knight ×88 · Trebuchet (Packed) ×17 · Fire Galley ×12 · Spearman ×6
Feudal
—
Castle
8:24
Imperial
20:30
| APM avg | 24.3 |
| APM peak | 45 |
| eAPM avg | 11.1 |
| Villagers / military | 54 / 268 |
Focus
⚔️ 53.4% · 🌾 46.6%
Conquistador ×179 · Knight ×56 · Trebuchet (Packed) ×16 · Fishing Ship ×10 · Unknown (2626) ×6 · Missionary ×4
Match map
Initial resources + every placement click. Lines = walls · curves = elevation contours. ◆ gold · ⬟ stone · ● berries · ✦ relic · ◌ wall gap
Your base· Open — unwalled flank
DBKKK's base· Open — unwalled flank
Smoothed initial terrain · ◌ = detected wall gap · hover for details
Inputs per minute
— pbarnier543 - - DBKKK
Build order — pbarnier543
First 150 of 722 actions detected
| 0:07 | Research | Wheelbarrow |
| 0:35 | Build | House |
| 0:41 | Build | House |
| 0:44 | Build | House |
| 0:49 | Research | Double-Bit Axe |
| 0:51 | Create | Villager (Male) |
| 0:58 | Create | Villager (Male) |
| 1:14 | Build | Farm |
| 1:16 | Build | Farm |
| 1:18 | Build | Farm |
| 1:20 | Build | Farm |
| 1:24 | Create | Villager (Male) |
| 1:38 | Build | Dock |
| 1:43 | Create | Villager (Male) |
| 1:44 | Create | Villager (Male) |
| 2:04 | Build | House |
| 2:09 | Build | House |
| 2:12 | Build | House |
| 2:29 | Research | Tech 906 |
| 2:41 | Create | Fishing Ship |
| 2:48 | Research | Town Watch |
| 2:50 | Create | Villager (Male) |
| 2:52 | Create | Villager (Male) |
| 3:28 | Build | Mill |
| 3:37 | Create | Villager (Male) |
| 3:39 | Create | Villager (Male) |
| 3:45 | Create | Fishing Ship |
| 3:47 | Create | Fishing Ship |
| 4:08 | Build | Mining Camp |
| 4:14 | Create | Villager (Male) |
| 4:33 | Create | Villager (Male) |
| 4:50 | Build | Archery Range |
| 4:57 | Create | Villager (Male) |
| 5:04 | Research | Gold Mining |
| 5:06 | Research | Stone Mining |
| 6:05 | Build | Farm |
| 6:14 | Research | Castle Age |
| 6:21 | Research | Horse Collar |
| 6:31 | Research | Fletching |
| 6:47 | Build | Farm |
| 6:52 | Create | Villager (Male) |
| 6:53 | Create | Villager (Male) |
| 6:55 | Create | Villager (Male) |
| 7:07 | Research | Padded Archer Armor |
| 7:12 | Create | Skirmisher |
| 7:14 | Create | Skirmisher |
| 7:26 | Create | Spearman |
| 7:32 | Create | Spearman |
| 7:34 | Create | Spearman |
| 7:37 | Create | Spearman |
| 7:43 | Create | Skirmisher |
| 7:46 | Create | Skirmisher |
| 7:49 | Create | Skirmisher |
| 7:52 | Create | Skirmisher |
| 8:08 | Create | Spearman |
| 8:10 | Create | Spearman |
| 8:17 | Create | Skirmisher |
| 8:19 | Create | Skirmisher |
| 8:32 | Create | Fire Galley |
| 8:32 | Create | Fire Galley |
| 8:32 | Create | Fire Galley |
| 8:33 | Create | Fire Galley |
| 8:43 | Research | Forging |
| 8:56 | Research | Scale Mail Armor |
| 9:02 | Age | Castle Age |
| 9:14 | Research | Heavy Plow |
| 9:26 | Research | Gillnets |
| 9:31 | Research | Elite Skirmisher (upgrade) |
| 9:44 | Create | Villager (Male) |
| 10:03 | Build | Town Center |
| 10:08 | Research | Bow Saw |
| 10:24 | Build | Farm |
| 10:32 | Create | Villager (Male) |
| 10:34 | Create | Villager (Male) |
| 11:20 | Build | House |
| 11:22 | Build | House |
| 11:22 | Build | House |
| 11:24 | Build | House |
| 11:36 | Research | Hand Cart |
| 11:48 | Research | Town Patrol |
| 12:40 | Create | Villager (Male) |
| 12:40 | Create | Villager (Male) |
| 12:40 | Create | Villager (Male) |
| 12:40 | Create | Villager (Male) |
| 12:41 | Create | Villager (Male) |
| 13:15 | Build | Castle |
| 13:30 | Research | War Galley (upgrade) |
| 13:44 | Create | Fire Galley |
| 13:44 | Create | Fire Galley |
| 13:59 | Create | Villager (Male) |
| 14:00 | Create | Villager (Male) |
| 14:00 | Create | Villager (Male) |
| 14:28 | Build | House |
| 14:29 | Build | House |
| 14:30 | Build | House |
| 14:30 | Build | House |
| 14:31 | Build | House |
| 14:31 | Build | House |
| 14:31 | Build | House |
| 14:31 | Build | House |
| 14:35 | Create | Villager (Male) |
| 14:36 | Create | Villager (Male) |
| 14:36 | Create | Villager (Male) |
| 15:03 | Build | University |
| 15:21 | Create | Fire Galley |
| 15:21 | Create | Fire Galley |
| 15:49 | Build | Mining Camp |
| 16:30 | Research | Imperial Age |
| 16:47 | Build | Farm |
| 16:48 | Build | Farm |
| 16:50 | Build | Farm |
| 16:51 | Build | Farm |
| 16:53 | Build | Farm |
| 16:55 | Build | Farm |
| 16:56 | Build | Farm |
| 16:58 | Build | Farm |
| 17:00 | Build | Farm |
| 17:10 | Create | Villager (Male) |
| 17:11 | Create | Villager (Male) |
| 17:11 | Create | Villager (Male) |
| 17:11 | Create | Villager (Male) |
| 17:11 | Create | Villager (Male) |
| 17:12 | Create | Villager (Male) |
| 17:31 | Build | Mining Camp |
| 17:36 | Create | Villager (Male) |
| 17:36 | Create | Villager (Male) |
| 17:36 | Create | Villager (Male) |
| 18:21 | Research | Bodkin Arrow |
| 18:30 | Create | Villager (Male) |
| 18:30 | Create | Villager (Male) |
| 18:31 | Create | Villager (Male) |
| 18:31 | Create | Villager (Male) |
| 18:31 | Create | Villager (Male) |
| 19:00 | Create | Fire Galley |
| 19:00 | Create | Fire Galley |
| 19:00 | Create | Fire Galley |
| 19:01 | Create | Fire Galley |
| 19:22 | Build | Castle |
| 19:28 | Create | Villager (Male) |
| 19:28 | Create | Villager (Male) |
| 19:29 | Create | Villager (Male) |
| 19:29 | Create | Villager (Male) |
| 19:34 | Research | Iron Casting |
| 19:39 | Age | Imperial Age |
| 19:50 | Research | Tech 909 |
| 19:51 | Research | Ballistics |
| 19:58 | Create | Villager (Male) |
| 19:58 | Create | Villager (Male) |
| 20:24 | Research | Masonry |
| 20:37 | Research | Galleon (upgrade) |
Build order — DBKKK
First 150 of 315 actions detected
| 0:03 | Research | Wheelbarrow |
| 0:20 | Build | Mill |
| 0:48 | Research | Double-Bit Axe |
| 0:56 | Create | Villager (Male) |
| 0:56 | Create | Villager (Male) |
| 1:43 | Create | Villager (Male) |
| 1:43 | Create | Villager (Male) |
| 2:53 | Build | Mining Camp |
| 3:09 | Build | Dock |
| 3:18 | Create | Villager (Male) |
| 3:18 | Create | Villager (Male) |
| 3:35 | Build | Stable |
| 3:41 | Create | Villager (Male) |
| 3:41 | Create | Villager (Male) |
| 4:01 | Build | Watch Tower |
| 4:06 | Create | Fishing Ship |
| 4:06 | Create | Fishing Ship |
| 4:07 | Create | Fishing Ship |
| 4:07 | Create | Fishing Ship |
| 4:19 | Build | House |
| 4:20 | Build | House |
| 4:21 | Build | House |
| 4:30 | Build | House |
| 4:31 | Build | House |
| 4:33 | Build | House |
| 4:36 | Build | House |
| 4:38 | Build | House |
| 5:44 | Research | Castle Age |
| 5:56 | Research | Tech 906 |
| 6:16 | Create | Spearman |
| 6:16 | Create | Spearman |
| 6:17 | Create | Spearman |
| 6:23 | Create | Scout Cavalry |
| 6:35 | Build | Mining Camp |
| 7:39 | Research | Stone Mining |
| 7:42 | Research | Gold Mining |
| 7:50 | Create | Scout Cavalry |
| 7:50 | Create | Scout Cavalry |
| 7:53 | Create | Scout Cavalry |
| 8:24 | Age | Castle Age |
| 8:36 | Create | Fishing Ship |
| 8:36 | Create | Fishing Ship |
| 8:36 | Create | Fishing Ship |
| 8:36 | Create | Fishing Ship |
| 8:42 | Create | Fishing Ship |
| 8:42 | Create | Fishing Ship |
| 8:46 | Create | Villager (Male) |
| 8:47 | Create | Villager (Male) |
| 8:47 | Create | Villager (Male) |
| 8:47 | Create | Villager (Male) |
| 9:26 | Build | Monastery |
| 10:24 | Create | Unit 2626 |
| 10:26 | Create | Unit 2626 |
| 10:32 | Create | Unit 2626 |
| 10:33 | Create | Fire Galley |
| 11:12 | Create | Missionary |
| 11:12 | Create | Missionary |
| 11:40 | Build | Town Center |
| 13:12 | Create | Villager (Male) |
| 13:12 | Create | Villager (Male) |
| 13:12 | Create | Villager (Male) |
| 13:12 | Create | Villager (Male) |
| 13:30 | Create | Villager (Male) ×5 |
| 14:19 | Create | Villager (Male) |
| 15:00 | Build | Castle |
| 15:24 | Build | Farm |
| 15:26 | Build | Farm |
| 15:28 | Build | Farm |
| 15:33 | Research | Horse Collar |
| 15:48 | Build | Town Center |
| 16:09 | Create | Fire Galley |
| 16:12 | Create | Unit 2626 |
| 16:22 | Create | Unit 2626 |
| 16:30 | Research | War Galley (upgrade) |
| 17:14 | Build | Mining Camp |
| 17:20 | Research | Imperial Age |
| 17:58 | Research | Town Watch |
| 17:59 | Create | Villager (Male) ×5 |
| 18:07 | Create | Conquistador ×5 |
| 18:08 | Create | Conquistador ×5 |
| 18:11 | Create | Villager (Male) |
| 18:11 | Create | Villager (Male) |
| 18:21 | Create | Villager (Male) |
| 18:21 | Create | Villager (Male) |
| 19:01 | Build | Fish Trap |
| 19:07 | Build | Fish Trap |
| 19:12 | Build | Fish Trap |
| 19:19 | Create | Unit 2626 |
| 19:20 | Create | Fire Galley |
| 19:20 | Create | Fire Galley |
| 19:49 | Build | Watch Tower |
| 20:15 | Build | University |
| 20:24 | Build | Lumber Camp |
| 20:30 | Research | Bow Saw |
| 20:30 | Age | Imperial Age |
| 20:44 | Build | Lumber Camp |
| 21:24 | Create | Conquistador |
| 21:25 | Create | Conquistador |
| 21:25 | Create | Conquistador |
| 21:25 | Create | Conquistador |
| 21:26 | Create | Conquistador |
| 21:27 | Create | Conquistador |
| 21:27 | Create | Conquistador |
| 21:29 | Create | Trebuchet (Packed) |
| 21:29 | Create | Trebuchet (Packed) |
| 21:36 | Research | Ballistics |
| 22:30 | Research | Husbandry |
| 22:31 | Research | Bloodlines |
| 22:46 | Build | Farm |
| 22:47 | Build | Farm |
| 22:49 | Build | Farm |
| 22:56 | Research | Heavy Plow |
| 25:45 | Research | Cavalier (upgrade) |
| 25:54 | Build | Stable |
| 25:55 | Build | Stable |
| 25:57 | Build | Stable |
| 27:20 | Create | Villager (Male) |
| 27:20 | Create | Villager (Male) |
| 27:25 | Create | Knight ×5 |
| 27:25 | Create | Knight ×5 |
| 27:31 | Create | Knight ×3 |
| 28:03 | Create | Villager (Male) |
| 28:04 | Create | Villager (Male) |
| 28:10 | Build | Farm |
| 28:11 | Build | Farm |
| 28:21 | Build | Town Center |
| 28:44 | Build | Castle |
| 29:25 | Create | Knight |
| 29:25 | Create | Knight |
| 29:43 | Research | Fletching |
| 29:44 | Research | Scale Barding Armor |
| 29:47 | Research | Forging |
| 31:26 | Create | Conquistador |
| 31:26 | Create | Conquistador |
| 31:26 | Create | Conquistador |
| 31:27 | Create | Conquistador |
| 31:27 | Create | Conquistador |
| 31:27 | Create | Conquistador |
| 31:27 | Create | Conquistador |
| 32:13 | Build | Castle |
| 32:30 | Build | Mining Camp |
| 32:45 | Create | Villager (Male) |
| 32:45 | Create | Villager (Male) |
| 32:46 | Create | Villager (Male) |
| 32:46 | Create | Villager (Male) |
| 33:07 | Build | House |
| 33:08 | Build | House |
| 33:09 | Build | House |
| 33:11 | Build | House |
| 33:14 | Build | House |
Match timeline
| 1:38 | pbarnier543 · first_building Dock |
| 3:09 | DBKKK · first_building Dock |
| 3:35 | DBKKK · first_building Stable |
| 4:50 | pbarnier543 · first_building Archery Range |
| 8:24 | DBKKK · age_up castle |
| 9:02 | pbarnier543 · age_up castle |
| 9:26 | DBKKK · first_building Monastery |
| 13:15 | pbarnier543 · first_building Castle |
| 15:00 | DBKKK · first_building Castle |
| 19:39 | pbarnier543 · age_up imperial |
| 20:30 | DBKKK · age_up imperial |
| 34:18 | pbarnier543 · first_building Stable |
| 53:27 | pbarnier543 · first_market_sell 500 wood |
| 64:21 | pbarnier543 · resign |
[ AI ANALYSIS · 1 CREDIT ]
What really happened in this match?
Wolo.gg analyzes every decision: build order, eco, micro, common mistakes by bracket. Personalized analysis on WhatsApp or Discord in 30 seconds.
Civ guide
Teutons
Map guide
Dunesprings
Perfil
Jugador #3674697